Map: Oxide LE

Players

MaSa

  • Race: Terran Terran

DisK - Winner!

  • Race: Protoss Protoss

Event: DreamHack SC2 Masters 2021 Winter

VOD

Have the link to the VOD?

Description

Time

  • Played on: Oct. 14, 2021, 5:16 p.m.
  • Length: 12:30

All games in this series

Show
View Real Time Build Order
Export as new Build Order

MaSa Terran 

Build Orders:  

Get SALT Encoding   

  12  0:00  SCV  
  13  0:12  SCV  
  14  0:17  Supply Depot  
  14  0:24  SCV  
  15  0:38  SCV  
  15  0:40  Barracks  
  16  0:47  Refinery  
  16  0:51  SCV  
  17  1:03  SCV  
  18  1:15  SCV  
  19  1:27  Marine, Orbital Command  
  20  1:46  Barracks Reactor  
  20  1:50  Command Center  
  20  1:54  SCV  
  21  2:09  Supply Depot  
  21  2:10  SCV, Bunker  
  23  2:22  SCV  
  23  2:29  Refinery  
  23  2:30  Reaper x2  
  23  2:35  SCV  
  26  2:45  Factory  
  26  2:48  SCV  
  26  2:50  Barracks  
  27  3:00  SCV  
  27  3:02  Marine x2, Orbital Command  
  30  3:12  SCV  
  31  3:20  Marine x2  
  31  3:24  SCV  
  34  3:29  SCV  
  35  3:36  SCV, Factory Tech Lab  
  36  3:42  SCV  
  36  3:43  Marine x2  
  37  3:48  Starport, Barracks Tech Lab, SCV  
  38  3:57  SCV  
  39  4:02  Barracks  
  39  4:03  SCV  
  39  4:04  Factory Tech Lab  
  39  4:06  Supply Depot  
  39  4:08  Marine x2  
  39  4:09  SCV, Marine  
  44  4:14  Stimpack  
  44  4:16  SCV  
  45  4:20  Supply Depot  
  45  4:27  SCV  
  45  4:28  Siege Tank  
  45  4:30  Supply Depot  
  49  4:35  Engineering Bay  
  49  4:39  Refinery, Raven, Marine  
  49  4:41  SCV  
  49  4:43  SCV  
  54  4:46  Marine x2  
  54  4:51  Supply Depot  
  56  4:53  SCV  
  56  4:55  SCV, Marine  
  56  4:57  Supply Depot  
  59  5:03  Siege Tank  
  62  5:07  SCV  
  62  5:08  Supply Depot, SCV  
  62  5:11  Marine x2  
  66  5:18  Terran Infantry Weapons Level 1  
  66  5:19  SCV  
  67  5:21  Refinery  
  67  5:22  Marauder  
  67  5:25  SCV  
  70  5:31  SCV, Starport Reactor  
  70  5:34  Marine x2  
  70  5:35  Barracks  
  73  5:36  Barracks  
  73  5:40  SCV  
  74  5:43  Siege Tank  
  74  5:44  SCV  
  74  5:48  Marauder  
  80  5:51  Marauder  
  80  5:52  SCV  
  80  5:54  Supply Depot  
  80  5:55  Marine x2  
  85  5:59  Combat Shield  
  85  6:01  SCV  
  86  6:04  SCV  
  86  6:09  Marauder  
  89  6:12  Supply Depot  
  89  6:13  Marine x2  
  89  6:14  Marauder  
  89  6:15  Medivac  
  92  6:29  Marine  
  92  6:30  Medivac, Marine  
  92  6:31  Marauder  
  92  6:32  SCV  
  97  6:33  Marine  
  97  6:34  Supply Depot, Marine  
  97  6:36  Supply Depot  
  97  6:38  Siege Tank  
  102  6:42  Marauder  
  104  6:47  Marine  
  104  6:48  Marine  
  104  6:52  Marine x2  
  104  6:53  Marauder  
  110  7:00  Medivac  
  112  7:03  Marauder  
  112  7:05  Supply Depot x2, Marine x2  
  116  7:09  SCV  
  116  7:10  SCV, Marine  
  113  7:24  Marauder, Marine x3  
  113  7:25  Marauder, Siege Tank  
  113  7:28  Marine  
  120  7:31  SCV x2  
  120  7:32  Terran Infantry Armor Level 1  
  119  7:44  Marine  
  119  7:46  Marauder  
  119  7:48  SCV  
  119  7:49  Marauder, Marine x3  
  126  8:02  Marine  
  113  8:06  Marine  
  113  8:07  Marauder, Siege Tank, Marine x2  
  113  8:08  SCV  
  113  8:09  SCV  
  113  8:10  Marine  
  124  8:19  Marine  
  113  8:22  SCV  
  113  8:24  Marine x2  
  113  8:25  Marine  
  72  8:27  Medivac  
  116  8:28  Marauder  
  116  8:29  Command Center  
  117  8:35  SCV x2  
  117  8:37  Marauder, Marine  
  117  8:38  Medivac  
  118  8:41  Siege Tank  
  118  8:42  Marine  
  118  8:43  Barracks Reactor  
  118  8:44  Barracks Tech Lab  
  122  8:54  Marauder  
  122  8:55  Marine  
  124  8:58  Marauder  
  124  9:00  Viking, Marine  
  130  9:08  Viking  
  132  9:14  Concussive Shells, Siege Tank  
  129  9:22  Marine x2  
  129  9:23  Marauder, Marine x2  
  122  9:30  Medivac  
  118  9:31  Supply Depot  
  118  9:34  Marine  
  118  9:35  Marauder  
  121  9:40  Marine x2  
  123  9:46  Siege Tank  
  123  9:47  Marine x2  
  123  9:48  Marauder  
  123  9:52  Supply Depot  
  130  9:54  Marine  
  130  9:55  Supply Depot  
  130  9:56  Marine  
  131  10:06  Ghost Academy  
  131  10:07  Armory  
  133  10:15  Viking  
  133  10:18  Siege Tank  
  133  10:20  Marine x2  
  138  10:22  Refinery  
  138  10:28  Marine  
  138  10:29  Marauder  
  141  10:40  Marauder, Marine x3  
  141  10:41  Marauder  
  147  10:44  SCV  
  147  10:46  SCV  
  149  10:51  Orbital Command  
  149  11:02  Missile Turret  
  149  11:06  Missile Turret, Siege Tank  
  149  11:09  SCV x2  
  154  11:15  Ghost  
  155  11:20  Ghost  
  155  11:21  SCV, Ghost  
  155  11:22  SCV  
  161  11:27  Supply Depot  
  161  11:29  Supply Depot  
  153  11:38  Marine x2  
  143  11:44  Marauder  
  129  11:48  Marine  
  129  11:49  Marauder, Siege Tank  
  129  11:50  Marauder  
  96  12:01  Marine  
  96  12:02  Marine x2  
  96  12:06  Marauder  
  87  12:09  Marine  
  87  12:10  SCV x2  
Show
View Real Time Build Order
Export as new Build Order

DisK Protoss - Winner!

Build Orders: 1 Gate Expand, Blink Stalkers, Colossus Rush 

Get SALT Encoding   

  12  0:00  Probe  
  13  0:12  Probe  
  14  0:17  Pylon  
  14  0:24  Probe  
  15  0:35  Gateway  
  15  0:36  Probe (Chrono Boost)  
  16  0:46  Assimilator, Probe (Chrono Boost)  
  17  0:51  Probe (Chrono Boost)  
  18  1:03  Probe  
  19  1:22  Cybernetics Core  
  19  1:23  Probe  
  20  1:39  Nexus  
  20  1:46  Probe  
  21  1:53  Pylon  
  21  1:58  Assimilator, Probe (Chrono Boost)  
  21  2:06  Warp Gate  
  21  2:10  Probe (Chrono Boost)  
  21  2:12  Adept  
  24  2:16  Probe (Chrono Boost)  
  25  2:25  Probe (Chrono Boost)  
  27  2:37  Probe (Chrono Boost)  
  27  2:39  Twilight Council  
  27  2:45  Stalker, Probe (Chrono Boost)  
  30  2:51  Probe (Chrono Boost)  
  30  2:57  Probe (Chrono Boost)  
  32  3:00  Probe (Chrono Boost)  
  32  3:05  Gateway, Probe (Chrono Boost)  
  34  3:06  Blink (Chrono Boost)  
  34  3:10  Probe  
  35  3:18  Probe  
  36  3:22  Probe  
  36  3:26  Pylon  
  37  3:29  Stalker  
  37  3:30  Probe  
  39  3:36  Probe  
  39  3:46  Probe  
  39  3:49  Robotics Facility, Probe  
  40  3:58  Probe  
  40  3:59  Assimilator  
  40  4:01  Probe  
  40  4:02  Assimilator  
  42  4:03  Stalker  
  44  4:10  Stalker, Probe  
  44  4:13  Probe  
  46  4:21  Pylon  
  46  4:23  Probe  
  47  4:25  Probe  
  47  4:30  Stalker  
  50  4:31  Pylon  
  50  4:35  Probe  
  50  4:37  Observer, Probe  
  53  4:44  Robotics Bay  
  53  4:47  Probe  
  53  4:49  Probe  
  55  4:59  Probe  
  56  5:02  Probe  
  57  5:07  Nexus  
  57  5:08  Pylon  
  57  5:10  Stalker  
  57  5:11  Probe  
  57  5:12  Observer  
  57  5:14  Probe  
  62  5:15  Stalker  
  64  5:24  Observer  
  64  5:26  Gateway  
  64  5:27  Gateway  
  64  5:30  Observer  
  64  5:31  Colossus (Chrono Boost)  
  64  5:33  Observer  
  70  5:37  Probe  
  70  5:41  Observer, Probe  
  70  5:42  Shield Battery  
  72  5:47  Sentry x2  
  76  5:53  Probe  
  77  5:57  Extended Thermal Lance, Pylon  
  77  5:58  Pylon  
  77  6:06  Probe  
  78  6:15  Gateway x2  
  78  6:17  Colossus (Chrono Boost)  
  78  6:18  Observer  
  83  6:30  Probe x3, Charge (Chrono Boost)  
  83  6:32  Zealot x3  
  88  6:39  Pylon  
  88  6:42  Probe x3  
  91  6:47  Stalker  
  91  6:52  Forge  
  93  6:59  Stalker  
  93  7:00  Stalker x2  
  99  7:02  Probe x2  
  99  7:05  Shield Battery  
  101  7:10  Shield Battery  
  101  7:16  Disruptor  
  95  7:24  Zealot  
  95  7:25  Zealot x5  
  95  7:29  Shield Battery  
  108  7:30  Shield Battery  
  106  7:45  Zealot x5  
  116  7:55  Zealot  
  116  7:56  Pylon x2  
  116  7:57  Pylon  
  96  8:05  Zealot  
  96  8:06  Zealot x4, Protoss Ground Weapons Level 1 (Chrono Boost)  
  96  8:08  Probe x2  
  96  8:10  Probe  
  105  8:13  Warp Prism  
  99  8:21  Stalker  
  99  8:26  Stalker x3  
  104  8:30  Probe x2 (Chrono Boost)  
  106  8:37  Probe (Chrono Boost)  
  109  8:42  Probe x2 (Chrono Boost), Templar Archives  
  109  8:44  Observer, Zealot x3  
  115  8:50  Zealot x2  
  115  8:51  Zealot  
  115  8:52  Probe x2  
  115  8:53  Probe  
  124  8:58  Pylon  
  124  9:02  Assimilator  
  124  9:04  Assimilator  
  110  9:25  Observer  
  110  9:30  Probe x3  
  111  9:33  Gateway  
  111  9:34  Gateway, High Templar x3  
  111  9:35  High Templar x3  
  123  9:38  Archon  
  123  9:39  Colossus (Chrono Boost), Archon x2  
  129  9:47  Nexus  
  129  9:51  Pylon  
  128  10:07  Zealot x6  
  128  10:08  Gateway, Forge  
  128  10:09  Gateway  
  128  10:13  Protoss Ground Armor Level 1 (Chrono Boost), Pylon x2  
  140  10:21  Pylon  
  140  10:23  Probe x3  
  143  10:28  Colossus  
  143  10:32  Robotics Facility  
  149  10:39  Probe x2  
  149  10:40  Probe  
  150  10:50  High Templar x3  
  150  10:51  Zealot x5  
  150  10:54  Archon  
  166  11:02  Probe x2  
  168  11:04  Shield Battery  
  168  11:14  Pylon  
  166  11:22  Zealot x9  
  166  11:23  Zealot  
  150  11:43  Zealot x10  
  125  12:07  Zealot x2  
  131  12:12  Nexus  
  131  12:13  Zealot x3  
  135  12:17  Pylon  

Tags
 
Add a new tag
Caveats
  • Supply blocks, unpowered buildings, or Contaminate may cause inaccurate times.
  • Supply counts are checked every 10 seconds.